 Dungeon Crawl Stone Soup version 0.31-a0-361-g0f8bd3a31e (webtiles) character file.

Game seed: 2234746942561561298

2900 Graywind the Sneak (level 9, -7/63 (65) HPs)
             Began as a Vampire Summoner on July 21, 2023.
             Was a Follower of Ru.
             Killed from afar by an efreet (17 damage)
             ... with a bolt of fire
             ... on level 10 of the Dungeon on July 27, 2023.
             The game lasted 00:39:44 (3507 turns).

Graywind the Sneak (Vampire Summoner)               Turns: 3507, Time: 00:39:45

HP:   -7/63 (65)    AC: 15    Str: 10 (11) XL:     9   Next: 49%
MP:   17/24         EV:  9    Int: 18 (19) God:    Ru [*.....]
Gold: 366           SH:  0    Dex: 18 (20) Spells: 9/17 levels left

rFire   . . .        i - +8 trident of the Red Skies {drain, Int-2 Dex+5}
rCold   . . .        (no shield)
rNeg    . . .        o - +0 ring mail of Hadjma {Str+2 Int+2 SInv}
rPois   .            s - +0 helmet
rElec   .            g - +2 cloak
rCorr   .            l - +1 pair of gloves
SInv    +            f - +2 pair of boots
Will    .....        (no amulet)
Stlth   +++          m - ring of magical power
HPRegen 0.50/turn    (no ring)
MPRegen 0.19/turn

%: no passive effects
@: healing quickly, lightly drained
A: alive, fangs 3, see invisible, inability to train dodging, vampiric 2
a: Exsanguinate, Renounce Religion


You were on level 10 of the Dungeon.
You worshipped Ru.
Ru was aware of your devotion.
You visited 2 branches of the dungeon, and saw 11 of its levels.
You also visited: Sewer.

You collected 366 gold pieces.

Inventory:

Hand Weapons
 i - the +8 trident of the Red Skies (weapon) {drain, Int-2 Dex+5}
   (You found it on level 3 of the Dungeon)

   Int:       It affects your intelligence (-2).
   Dex:       It affects your dexterity (+5).
Missiles
 h - 6 poisoned darts (quivered)
 k - 11 boomerangs
 p - 3 throwing nets
Armour
 f - a +2 pair of boots (worn)
 g - a +2 cloak (worn)
 l - a +1 pair of gloves (worn)
 o - the +0 ring mail of Hadjma (worn) {Str+2 Int+2 SInv}
   (You found it on level 4 of the Dungeon)

   Str:       It affects your strength (+2).
   Int:       It affects your intelligence (+2).
   SInv:      It lets you see invisible.
 s - a +0 helmet (worn)
Magical Staves
 d - a staff of poison
Jewellery
 m - a ring of magical power (left hand)
Talismans
 e - a maw talisman
Wands
 c - a wand of mindburst (15)
 j - a wand of flame (10)
 v - a wand of digging (9)
Scrolls
 n - 3 scrolls of enchant weapon
 q - 2 scrolls of brand weapon
 t - a scroll of noise
 u - a scroll of summoning
 w - 2 scrolls of blinking
Potions
 a - a potion of brilliance
 b - a potion of magic
 r - a potion of haste


   Skills:
 + Level 3.6 Fighting
 + Level 1.2 Maces & Flails
 + Level 6.8 Polearms
 + Level 0.2 Throwing
 + Level 2.8 Armour
 + Level 7.0 Stealth
 + Level 4.5 Spellcasting
 + Level 2.0 Hexes
 + Level 6.6 Summonings
 + Level 0.1 Evocations


You had 9 spell levels left.
You knew the following spells:

 Your Spells              Type           Power      Damage    Failure   Level
a - Call Canine Familiar  Summ           28%        N/A       7%          3
b - Call Imp              Summ           56%        N/A       3%          2
c - Summon Guardian Gole  Hex/Summ       19%        N/A       17%         3

Your spell library contained the following spells:

 Spells                   Type           Power      Damage    Failure   Level
 Summon Small Mammal      Summ           100%       N/A       2%          1
 Apportation              Tloc           8%         N/A       34%         1
 Necrotise                Necr           16%        1d4       34%         1
 Dazzling Flash           Conj/Hex       14%        N/A       56%         3
 Portal Projectile        Hex/Tloc       14%        N/A       56%         3
 Summon Lightning Spire   Summ/Air       16%        N/A       65%         4
 Vampiric Draining        Necr           4%         2d6       71%         3
 Volatile Blastmotes      Fire/Tloc      8%         2d10      71%         3
 Leda's Liquefaction      Hex/Erth       3%         N/A       92%         4
 Agony                    Necr           4%         N/A       100%        5
 Starburst                Conj/Fire      2%         6d3       100%        6
 Maxwell's Capacitive Co  Air            2%         ∞         100%        8


Dungeon Overview and Level Annotations

Branches:
Dungeon (10/15)            Temple (1/1) D:4             Orc (0/2) D:9
  Sewer (visited)
   Lair: D:8-11

Altars:
Ashenzari
Cheibriados
Dithmenos
Fedhas
Kikubaaqudgha
Makhleb
Nemelex Xobeh
Okawaru
Qazlal
Ru
Sif Muna
Uskayaw
Vehumet
Xom
Yredelemnul

Portals:
Abyss: D:7

Annotations:
D:7 1 transporter, Cosmo's ghost, novice OgVM


Innate Abilities, Weirdness & Mutations

Your natural rate of healing is accelerated.
You have razor-sharp teeth.
You have supernaturally acute eyesight. (SInv)
You cannot train Dodging skill.
You are afflicted with vampirism and can become a bat while bloodless.


Message History

Found a stone staircase leading down.
Your hound bites the efreet but does no damage.
Your cerulean imp hits the efreet but does no damage.
Your hound bites the efreet.
The efreet hits your guardian golem with a +4 scimitar of flaming!!
The efreet burns your guardian golem.
Reach: i) +8 trident of the Red Skies {drain, Int-2 Dex+5}
Press: ? - help, Dir - move target, f/p - efreet
Aim: an efreet, wielding a +4 scimitar of flaming (flame, lightly wounded, ally target, about 16% to evade the +8 trident of the Red Skies)
You could not reach far enough!
Your cerulean imp hits the efreet but does no damage.
Your hound bites the efreet but does no damage.
Reach: i) +8 trident of the Red Skies {drain, Int-2 Dex+5}
Press: ? - help, Dir - move target, f/p - efreet
Aim: an efreet, wielding a +4 scimitar of flaming (flame, lightly wounded, ally target, about 16% to evade the +8 trident of the Red Skies)
You reach to attack!
You puncture the efreet!
The efreet is moderately wounded.
Your guardian golem overheats!
The efreet hits your guardian golem with a +4 scimitar of flaming!
Flame seeps out of your guardian golem.
Your hound bites the efreet.
Your cerulean imp completely misses the efreet.
Reach: i) +8 trident of the Red Skies {drain, Int-2 Dex+5}
Press: ? - help, Dir - move target, f/p - efreet
Aim: an efreet, wielding a +4 scimitar of flaming (flame, moderately wounded, ally target, about 16% to evade the +8 trident of the Red Skies)
You reach to attack!
You hit the efreet.
The efreet is heavily wounded.
Your hound bites the efreet but does no damage.
Your guardian golem is engulfed in blazing flames.
Your guardian golem disappears in a puff of smoke!
Your guardian golem explodes!
The fiery explosion engulfs your hound!!
Your hound dies!
Your hound's corpse disappears in a puff of smoke!
The fiery explosion engulfs you!!
* * * LOW HITPOINT WARNING * * *
The fiery explosion engulfs the efreet.
The efreet completely resists.
The fiery explosion engulfs your cerulean imp!!
The efreet gestures at you. The bolt of fire hits you!
You die...

..#.#..
.....#.#..
.........
.>.....
..... ...# #
#
####..#.#..#
#..<........
#.##@5.$#..
# #○§..#
§R§..#
##.#..#
..#..#
###..# .# ##


You could see an efreet (ally target) and a friendly cerulean imp (summoned,
sheltered).

Vanquished Creatures
  Pikel (D:7)
  2 yaks (D:8)
  A steam dragon (D:7)
  2 water moccasins
  An orc warrior (D:7)
  3 ice beasts
  2 ogres
  3 wolves
  2 bullfrogs (Sewer)
  A gnoll sergeant (D:7)
  A wight (D:9)
  4 killer bees (D:7)
  A jelly (D:7)
  3 hounds
  Jessica (D:2)
  2 iguanas
  4 adders
  4 gnolls (D:5)
  A river rat (D:5)
  A shadow imp (D:7)
  A white imp (D:6)
  2 ufetubi
  2 worms
  3 dart slugs
  4 orcs
  2 endoplasms
  14 giant cockroaches
  5 goblins (D:4)
  5 hobgoblins
  7 jackals
  4 kobolds
  5 quokkas
  4 ball pythons
  3 bats
  7 frilled lizards (Sewer)
  2 rats
110 creatures vanquished.

Vanquished Creatures (collateral kills)
  A yak (D:8)
  A lemure (D:7)
  An orc wizard (D:7)
  A dart slug (D:1)
  4 orcs
  A ball python (D:1)
  A goblin (D:1)
  A jackal (D:1)
11 creatures vanquished.

Vanquished Creatures (others)
  A wight (D:9)
1 creature vanquished.

Grand Total: 122 creatures vanquished

Notes
Turn   | Place    | Note
-------+----------+-------------------------------------------
     0 | D:1      | Graywind the Vampire Summoner began the quest for the Orb.
     0 | D:1      | Reached XP level 1. HP: 13/13 MP: 3/3
   266 | D:1      | Reached XP level 2. HP: 9/19 MP: 0/5
   325 | D:2      | Learned a level 2 spell: Call Imp
   357 | D:2      | Noticed Jessica
   375 | D:2      | Killed Jessica
   376 | D:2      | Reached skill level 1 in Fighting
   376 | D:2      | Gained mutation: You are afflicted with vampirism and can
                  | become a bat while bloodless. [Vampire growth]
   376 | D:2      | Reached XP level 3. HP: 21/26 MP: 4/6
   600 | D:3      | Learned a level 3 spell: Summon Guardian Golem
   714 | D:3      | Identified the +8 trident of the Red Skies {drain, Int-2
                  | Dex+5}
   724 | D:3      | Reached XP level 4. HP: 26/32 MP: 1/7
   864 | D:4      | Reached skill level 5 in Summonings
   876 | D:4      | Reached skill level 1 in Maces & Flails
   958 | D:4      | Found a staircase to the Ecumenical Temple.
   972 | Temple   | Entered the Ecumenical Temple
   985 | Temple   | Became a worshipper of Ru the Awakened
  1190 | D:4      | Reached XP level 5. HP: 37/37 MP: 8/8
  1204 | D:4      | Identified the +0 ring mail of Hadjma {Str+2 Int+2 SInv}
  1234 | D:4      | Reached skill level 1 in Polearms
  1317 | D:5      | Entered Level 5 of the Dungeon
  1321 | D:5      | Noticed an ice beast
  1331 | D:5      | Killed an ice beast
  1332 | D:5      | Reached skill level 4 in Stealth
  1334 | D:5      | Found a shimmering blue altar of Sif Muna.
  1338 | D:5      | Reached XP level 6. HP: 44/44 MP: 9/9
  1388 | D:5      | Noticed an ice beast
  1392 | D:5      | Found an iron altar of Okawaru.
  1437 | D:5      | Found a burning altar of Makhleb.
  1471 | D:5      | Reached skill level 5 in Stealth
  1655 | D:5      | Killed an ice beast
  1656 | D:5      | Reached XP level 7. HP: 50/50 MP: 10/10
  1976 | D:5      | Found a glowing drain.
  1980 | Sewer    | Entered a sewer
  2231 | Sewer    | Reached skill level 6 in Stealth
  2234 | Sewer    | Reached skill level 1 in Armour
  2380 | D:6      | Upgraded the game from 0.31-a0-343-g456c268693 to
                  | 0.31-a0-361-g0f8bd3a31e
  2392 | D:6      | Learned a level 3 spell: Call Canine Familiar
  2460 | D:7      | Found a transporter.
  2464 | D:7      | Found a one-way gate to the infinite horrors of the Abyss.
  2464 | D:7      | Noticed Cosmo's ghost (novice OgVM)
  2481 | D:7      | Found a transporter.
  2540 | D:7      | Reached XP level 8. HP: 52/57 MP: 12/12
  2556 | D:7      | Reached skill level 5 in Polearms
  2560 | D:7      | Noticed Pikel
  2574 | D:7      | Killed Pikel
  2575 | D:7      | Reached skill level 1 in Hexes
  2639 | D:7      | Reached XP level 9. HP: 41/64 MP: 7/14
  2956 | D:7      | Noticed a purple ugly thing
  3015 | D:7      | Found a sparkling altar of Nemelex Xobeh.
  3020 | D:7      | Gained mutation: You cannot train Dodging skill. [Ru
                  | sacrifice]
  3020 | D:7      | Reached * piety under Ru
  3108 | D:8      | Found a shadowy altar of Dithmenos.
  3170 | D:9      | Reached skill level 7 in Stealth
  3291 | D:9      | Found an ancient bone altar of Kikubaaqudgha.
  3330 | D:9      | Found a basalt altar of Yredelemnul.
  3330 | D:9      | Found a radiant altar of Vehumet.
  3438 | D:9      | Found a staircase to the Orcish Mines.
  3450 | D:10     | Entered Level 10 of the Dungeon
  3499 | D:10     | Noticed an efreet
  3507 | D:10     | Killed from afar by an efreet

Illustrated notes

Levels and vault maps discovered:
D:1:      ebering_trefoil_twist, layout_basic,
          hellmonk_ecumenical_altar_leap_of_faith, serial_shops, shop
D:2:      layout_loops_cross, minmay_stone_trees_small, item_on_display_a,
          uniq_jessica
D:3:      layout_basic, grunt_temple_overflow_gold_and_silver, uniq_sigmund
D:4:      layout_gridville, minmay_temple_entry_waves, minmay_increasing_density
D:5:      layout_cave_pods, amcnicky_altar_gilded,
          mainiacjoe_overflow_boulevard, lemuel_crystal_altar,
          gup_sewer_entry_spiral
D:6:      layout_basic, serial_shops, shop, shop, shop, shop,
          lightli_church_of_beogh
D:7:      layout_basic, nemelex_diamond_rough_becter,
          gammafunk_ghost_abyssal_escape, grunt_ministairs_13, uniq_pikel
D:8:      lemuel_slime, layout_rooms, grunt_dithmenos_smoke, tso_metal_star,
          minmay_lair_entry_grove, nicolae_shop_unique_rings,
          kennysheep_small_square, uniq_psyche, uniq_prince_ribbit1, uniq_erica,
          uniq_maurice
D:9:      layout_roguey, nicolae_hepliaklqana_monster_ancestors,
          gammafunk_temple_overflow_wave, old_standard_altar,
          mainiacjoe_overflow_big_doors, orc_0_dummy,
          ebering_ghost_disaster_area
D:10:     layout_basic, minivault_8
Temple:   hellmonk_temple_flake

Skill      XL: |  1  2  3  4  5  6  7  8  9 |
---------------+----------------------------+-----
Fighting       | 1 2 3 |  3.6
Summonings     | 5 6 |  6.6
Maces & Flails | 1 |  1.2
Polearms       | 1 3 4 6 |  6.8
Stealth        | 4 5 6 7 |  7.0
Dodging        | 3 4 0 |  0.0
Armour         | 1 2 |  2.8
Spellcasting   | 3 4 |  4.5
Hexes          | 1 2 |  2.0
Throwing       | |  0.2
Evocations     | |  0.1

Action                     |  1- 3 |  4- 6 |  7- 9 || total
---------------------------+-------+-------+-------++-------
  Melee: Whip              |    59 |       |       ||    59
         Bite              |     5 |     6 |    19 ||    30
         Trident           |     5 |    79 |   186 ||   270
         Punch             |       |       |     1 ||     1
  Throw: Dart              |     5 |       |       ||     5
   Cast: Summon Small Mamm |     7 |       |       ||     7
         Call Imp          |     2 |     1 |    11 ||    14
         Summon Guardian G |     1 |       |     9 ||    10
         Call Canine Famil |       |       |    13 ||    13
 Invoke: Sacrifice Nimblen |       |       |     1 ||     1
  Evoke: Wand              |       |       |     2 ||     2
    Use: Scroll            |     3 |     1 |    12 ||    16
         Potion            |     2 |     1 |     3 ||     6
   Stab: Sleeping          |     3 |     6 |     4 ||    13
         Distracted        |       |       |     1 ||     1
 Armour: Robe              |    22 |    17 |       ||    39
         Ring mail         |       |    16 |   134 ||   150
  Dodge: Dodged            |    61 |    56 |   109 ||   226

Table legend: (Time is in decaauts)
 A = Elapsed time spent in this place.
 B = Non-inter-level travel time spent in this place.
 C = Inter-level travel time spent in this place.
 D = Time resting spent in this place.
 E = Time spent auto-exploring this place.
 F = Levels seen in this place.
 G = Mean time per level.
                   A        B        C        D        E       F      G
               +--------+--------+--------+--------+--------+-----+--------+
         Total |   3631 |   3631 |      0 |    357 |      0 |  12 |  302.6 |
       Dungeon |   3264 |   3264 |      0 |    357 |      0 |  10 |  326.4 |
        Temple |     24 |     24 |      0 |      0 |      0 |   1 |   24.0 |
         Sewer |    342 |    342 |      0 |      0 |      0 |   1 |  342.0 |
               +--------+--------+--------+--------+--------+-----+--------+

Top non-repeatable levels by time:
     D:5: 836 daAuts
     D:7: 623 daAuts
     D:4: 444 daAuts
   Sewer: 342 daAuts
     D:1: 320 daAuts
     D:9: 286 daAuts
     D:3: 283 daAuts
     D:2: 264 daAuts
     D:8: 101 daAuts
    D:10: 56 daAuts
     D:6: 47 daAuts
  Temple: 24 daAuts
